 Dungeon Crawl Stone Soup version 0.30-a0-626-gd6a5dd7a1f (console) character file.

Game seed: 4909537830419770921

28 Ignak the Trooper (level 3, -1/37 HPs)
             Began as an Ogre Warper on Jan 11, 2023.
             Slain by an adder (3 damage)
             ... on level 2 of the Dungeon.
             The game lasted 00:01:58 (1372 turns).

Ignak the Trooper (Ogre Warper)                     Turns: 1372, Time: 00:01:59

Health: -1/37      AC:  3    Str: 17    XL:     3   Next: 14%
Magic:  7/7        EV:  9    Int: 14    God:
Gold:   79         SH:  0    Dex:  8    Spells: 2/7 levels left

rFire   . . .      SeeInvis .    a - +0 hand axe
rCold   + . .      Faith    .    (no shield)
rNeg    . . .      Spirit   .    b - +0 robe
rPois   .          Reflect  .    (helmet restricted)
rElec   .          Harm     .    (no cloak)
rCorr   .          Rampage  .    (gloves unavailable)
Will    .....                    (boots unavailable)
Stlth   +                        (no amulet)
HPRegen 0.26/turn                f - ring of protection from cold
MPRegen 0.10/turn                (no ring)

@: lethally poisoned (-1 -> -10)
A: large, unfitting armour, tough skin 1
a: no special abilities


You were on level 2 of the Dungeon.
You visited 1 branch of the dungeon, and saw 2 of its levels.

You collected 79 gold pieces.

Inventory:

Hand Weapons
 a - a +0 hand axe (weapon)
Missiles
 d - 7 boomerangs of dispersal
 k - 4 poisoned darts (quivered)
Armour
 b - a +0 robe (worn)
Jewellery
 f - a ring of protection from cold (left hand)
Scrolls
 c - a scroll of blinking
 g - a scroll of silence {unknown}
 h - 2 scrolls of identify {unknown}
 l - a scroll of amnesia {unknown}
 m - a scroll of teleportation {unknown}
 o - a scroll of vulnerability {unknown}
Potions
 e - a potion of flight {unknown}
 i - a potion of invisibility {unknown}
 j - a potion of lignification {unknown}
 n - 2 potions of curing {unknown}


   Skills:
 * Level 3.4 Fighting
 * Level 2.5 Axes
 - Level 1.0 Throwing
 + Level 0.4 Armour
 + Level 2.2 Dodging
 + Level 2.6 Spellcasting
 + Level 2.8 Translocations


You had 2 spell levels left.
You knew the following spells:

 Your Spells              Type           Power      Damage    Failure   Level
b - Blink                 Tloc           18%        N/A       11%         2
c - Vhi's Electric Charg  Tloc/Air       10%        N/A       36%         3

Your spell library contained the following spells:

 Spells                   Type           Power      Damage    Failure   Level
 Lesser Beckoning         Tloc           18%        N/A       22%         3
 Teleport Other           Tloc           9%         N/A       22%         3
 Manifold Assault         Tloc           9%         N/A       56%         4


Dungeon Overview and Level Annotations

Branches:
Dungeon (2/15)

Altars:

Shops:
D:1 =


Innate Abilities, Weirdness & Mutations

You are too large for most types of armour.
You have tough skin. (AC +1)


Message History

The adder is severely wounded.
You feel very sick. The adder barely misses you. x2
You miss the adder.
The adder is severely wounded.
You feel sick. The adder closely misses you.
You hit the adder.
The adder is almost dead.
You feel sick. The adder bites you but does no damage. The adder bites you.
You are more poisoned.
The adder poisons you!
You miss the adder.
The adder is almost dead.
You feel sick. The adder bites you.
You are more poisoned.
The adder poisons you!
You closely miss the adder.
The adder is almost dead.
You feel very sick. The adder barely misses you. The adder closely misses you.
You barely miss the adder.
The adder is almost dead.
You feel sick. The adder bites you.
* * * LOW HITPOINT WARNING * * *
You are lethally poisoned!
The adder poisons you!
You closely miss the adder.
The adder is almost dead.
* * * LOW HITPOINT WARNING * * *
You feel very sick. The adder barely misses you. The adder bites you.
* * * LOW HITPOINT WARNING * * *
You are more poisoned.
The adder poisons you!
You miss the adder.
The adder is almost dead.
* * * LOW HITPOINT WARNING * * *
You feel very sick. The adder bites you.
You die...

### # ###
... #.# #S#
# #@##.####
#........
#.#######
#.......#
#.##.#.#####
#.##.#.....#
#......###.#
####.#.###.#
#.<...#.#


You could see an adder.

Vanquished Creatures
  3 endoplasms (D:1)
  A giant cockroach (D:2)
  A goblin (D:1)
  5 hobgoblins (D:1)
  5 ball pythons
  6 bats (D:1)
  A frilled lizard (D:1)
  A kobold (D:1)
  3 rats
26 creatures vanquished.

Notes
Turn   | Place    | Note
-------+----------+-------------------------------------------
     0 | D:1      | Ignak the Ogre Warper began the quest for the Orb.
     0 | D:1      | Reached XP level 1. HP: 22/22 MP: 3/3
     2 | D:1      | Noticed a vampire
     2 | D:1      | Noticed an armataur
     4 | D:1      | Noticed a troll
     6 | D:1      | Noticed a demonspawn
     6 | D:1      | Noticed a gargoyle
     8 | D:1      | Noticed a formicid
     8 | D:1      | Noticed a minotaur
    10 | D:1      | Noticed a naga
    12 | D:1      | Noticed a merfolk
    12 | D:1      | Noticed a demigod
    14 | D:1      | Noticed a meteoran
    16 | D:1      | Noticed an elf
    16 | D:1      | Noticed a felid
    18 | D:1      | Noticed an ogre
    18 | D:1      | Noticed a vine stalker
    20 | D:1      | Noticed a ghoul
    20 | D:1      | Noticed a tengu
    22 | D:1      | Noticed a human
    22 | D:1      | Noticed an octopode
    24 | D:1      | Noticed a spriggan
    24 | D:1      | Noticed a troll
    26 | D:1      | Noticed a human
    26 | D:1      | Noticed an elf
   134 | D:1      | Reached skill level 3 in Fighting
   134 | D:1      | Reached XP level 2. HP: 31/31 MP: 3/5
   141 | D:1      | Learned a level 2 spell: Blink
   195 | D:1      | Found Coathof's Jewellery Shop.
   876 | D:1      | Reached XP level 3. HP: 34/37 MP: 6/6
   926 | D:1      | Learned a level 3 spell: Vhi's Electric Charge
  1372 | D:2      | Slain by an adder

Illustrated notes

Levels and vault maps discovered:
D:1:      kb_arrival_jail, layout_basic, serial_shops, nicolae_shop_trees,
          hangedman_decor_diamond_cutter
D:2:      minmay_door_path, layout_loops_cross

Skill      XL: |  1 |
---------------+----+-----
Fighting       | 3 |  3.4
Axes           | |  2.5
Throwing       | |  1.0
Armour         | |  0.4
Dodging        | |  2.2
Spellcasting   | |  2.6
Translocations | |  2.8

Action                   || total
-------------------------++-------
Melee: Hand axe          ||    85
Armor: Robe              ||    45
Dodge: Dodged            ||    56

Table legend: (Time is in decaauts)
 A = Elapsed time spent in this place.
 B = Non-inter-level travel time spent in this place.
 C = Inter-level travel time spent in this place.
 D = Time resting spent in this place.
 E = Time spent auto-exploring this place.
 F = Levels seen in this place.
 G = Mean time per level.
                   A        B        C        D        E       F      G
               +--------+--------+--------+--------+--------+-----+--------+
         Total |   1386 |   1337 |     49 |      0 |   1013 |   2 |  693.0 |
       Dungeon |   1386 |   1337 |     49 |      0 |   1013 |   2 |  693.0 |
               +--------+--------+--------+--------+--------+-----+--------+

Top non-repeatable levels by time:
     D:1: 1163 daAuts
     D:2: 223 daAuts
